 Dungeon Crawl Stone Soup version 0.31.0-11-ge490571c62 (webtiles) character file.

Game seed: 644974073776897632

1953101 TobyConnect the Conqueror (level 27, 273/273 HPs)
             Began as a Minotaur Fighter on Jan 29, 2024.
             Was an Initiate of Gozag.
             Escaped with the Orb
             ... and 4 runes!
             The game lasted 04:16:48 (108364 turns).

TobyConnect the Conqueror (Minotaur Fighter)      Turns: 108364, Time: 04:16:49

Health: 273/273    AC: 42    Str: 37    XL:     27
Magic:  6/6        EV: 33    Int:  8    God:    Gozag
Gold:   695        SH:  5    Dex: 14    Spells: 26/26 levels left

rFire   + . .        m - +8 Wrath of Trog {antimagic, *Rage Rampage}
rCold   x . .        (shield currently unavailable)
rNeg    + . .        v - +6 storm dragon scales of the Shrike {^Contam rElec Str+4}
rPois   +            W - +2 hat {Int+3}
rElec   +            J - +4 dragonskin cloak
rCorr   +            e - +0 pair of gloves of Prudence {Fly Regen+ Str+4 Stlth-}
SInv    .            S - +0 pair of boots "Witacsy" {^Drain rF+ rN+ Regen+}
Will    +++..        n - amulet of reflection Stlth
                     s - ring "Jih Enoacw" {rCorr EV+5 Slay+3}
HPRegen 2.25/turn    k - ring "Plog" {+Blink rPois Will+ EV+5 Slay+2}
MPRegen 0.10/turn

%: random rage (53%), reflection, rampage
@: on berserk cooldown, flying, slowed, studying 2 skills, very slow
A: horns 2, retaliatory headbutt, iridescent scales 1, berserk 1, deterioration
1, low MP 1, mutation resistance 1, sense surroundings 1, weak 1, wild magic 1,
cold vulnerability 1, inability to read after injury 1, persistent drain
0: Orb of Zot
}: 4/15 runes: decaying, serpentine, slimy, silver
a: Renounce Religion, Evoke Blink, Potion Petition, Call Merchant, Bribe Branch


You escaped.
You worshipped Gozag.
Gozag was pleased with you.
You visited 14 branches of the dungeon, and saw 58 of its levels.
You visited the Abyss 6 times.
You visited 1 bazaar.
You also visited: Ice Cave, Wizlab and Desolation.

You collected 43121 gold pieces.
You spent 8802 gold pieces at shops.
You paid 33624 gold pieces to Gozag.

Inventory:

Hand Weapons
 m - the +8 Wrath of Trog (weapon) {antimagic, *Rage Rampage}
   (You took it off Tiamat on level 3 of the Realm of Zot)

   It causes slowness and exhaustion when equipped.
   It extends the wielder's berserk rage when killing foes.
   *Rage:     It berserks you when you make melee attacks (+50% chance).
   Rampage:   It bestows one free step when moving towards enemies.
 q - a +6 broad axe of freezing
 X - the +1 hand axe "Raepn" {flame, Str+5}
   (You bought it in a shop on level 2 of the Lair of Beasts)

   Str+5:     It affects your strength (+5).
Armour
 b - a +2 cloak of preservation
 e - the +0 pair of gloves of Prudence (worn) {Fly Regen+ Str+4 Stlth-}
   (You found it on level 3 of the Elven Halls)

   Str+4:     It affects your strength (+4).
   Fly:       It grants you flight.
   Regen+:    It increases your rate of health regeneration.
   Stlth-:    It makes you less stealthy.
 v - the +6 storm dragon scales of the Shrike (worn) {^Contam rElec Str+4}
   (You bought it in a shop on level 5 of the Lair of Beasts)

   Str+4:     It affects your strength (+4).
   rElec:     It insulates you from electricity.
   ^Contam:   It causes magical contamination when unequipped.
 J - the +4 dragonskin cloak (worn)
   (You took it off Tiamat on level 3 of the Realm of Zot)

   Avatar's Aegis: It grants the wearer a chance to resist fire, cold, poison,
   electricity, acid, and negative energy.
 S - the +0 pair of boots "Witacsy" (worn) {^Drain rF+ rN+ Regen+}
   (You bought it in a shop on level 4 of the Depths)

   rF+:       It protects you from fire.
   rN+:       It protects you from negative energy.
   Regen+:    It increases your rate of health regeneration.
   ^Drain:    It drains your maximum health when unequipped.
 W - a +2 hat of intelligence (worn)
Jewellery
 c - the ring "Pelibly" {rPois rC- rN+++ Int-3 SInv}
   (You found it on level 12 of the Dungeon)

   [ring of poison resistance]

   Int-3:     It affects your intelligence (-3).
   rC-:       It makes you vulnerable to cold.
   rPois:     It protects you from poison rN+++: It renders you almost immune to
   negative energy.
   SInv:      It lets you see invisible.
 j - an amulet of regeneration
 k - the ring "Plog" (right hand) {+Blink rPois Will+ EV+5 Slay+2}
   (You found it on level 5 of the Pits of Slime)

   [ring of evasion]

   EV+5:      It affects your evasion (+5).
   Slay+2:    It affects your accuracy & damage with ranged weapons and melee
   (+2).
   rPois:     It protects you from poison Will+: It increases your willpower.
   +Blink:    It lets you blink.
 l - a ring of poison resistance
 n - an amulet of reflection (around neck)
 s - the ring "Jih Enoacw" (left hand) {rCorr EV+5 Slay+3}
   (You found it in the Desolation of Salt)

   [ring of evasion]

   EV+5:      It affects your evasion (+5).
   Slay+3:    It affects your accuracy & damage with ranged weapons and melee
   (+3).
   rCorr:     It protects you from acid and corrosion.
 x - the ring of Avom {rPois rC- Str+6 Int+3}
   (You took it off a ragged hierophant in the Desolation of Salt)

   [ring of strength]

   Str+6:     It affects your strength (+6).
   Int+3:     It affects your intelligence (+3).
   rC-:       It makes you vulnerable to cold.
   rPois:     It protects you from poison
 C - a ring of protection from cold
 V - the ring "Jeahouli" {rN+ Will- AC+4 Int+4 Dex+2}
   (You found it in the Desolation of Salt)

   [ring of protection]

   AC+4:      It affects your AC (+4).
   Int+4:     It affects your intelligence (+4).
   Dex+2:     It affects your dexterity (+2).
   rN+:       It protects you from negative energy.
   Will-:     It decreases your willpower.
 Y - a ring of protection from cold
Wands
 a - a wand of flame (135)
 G - a wand of iceblast (56)
 K - a wand of acid (53)
 U - a wand of digging (14)
Scrolls
 g - 3 scrolls of revelation
 h - a scroll of silence
 i - 2 scrolls of butterflies
 r - 32 scrolls of identify
 w - 15 scrolls of poison
 y - 10 scrolls of immolation
 E - 5 scrolls of fog
 L - 5 scrolls of enchant armour
 N - 16 scrolls of enchant weapon
 O - a scroll of blinking
 R - 11 scrolls of teleportation
 T - 9 scrolls of fear
Potions
 d - 2 potions of might
 f - 8 potions of lignification
 o - 10 potions of curing
 p - a potion of cancellation
 t - 5 potions of enlightenment
 u - 4 potions of resistance
 z - 7 potions of haste
 A - 6 potions of invisibility
 B - 6 potions of magic
 M - 3 potions of berserk rage
 Z - 10 potions of heal wounds
Miscellaneous
 D - a lightning rod (3/4) (quivered)
 F - the horn of Geryon (inert)
 H - a box of beasts (inert)
 I - a phantom mirror (inert)
 P - a tin of tremorstones (2/2)
 Q - a phial of floods (inert)


   Skills:
 O Level 27 Fighting
 O Level 27 Axes
 O Level 27 Armour
 O Level 27 Dodging
 + Level 20.6 Shields
 + Level 24.8 Evocations


You had 26 spell levels left.
You didn't know any spells.
Your spell library contained the following spells:

 Spells                   Type           Power      Damage    Failure   Level
 Apportation              Tloc           0%         N/A       69%         1
 Foxfire                  Conj/Fire      0%         2x1d4     69%         1
 Freeze                   Ice            0%         1d3       69%         1
 Kiss of Death            Conj/Necr      0%         2d5       69%         1
 Magic Dart               Conj           0%         1d3       69%         1
 Necrotise                Necr           0%         1d4       69%         1
 Shock                    Conj/Air       0%         1d3       69%         1
 Slow                     Hex            0%         N/A       69%         1
 Sting                    Conj/Alch      0%         1d3       69%         1
 Summon Small Mammal      Summ           0%         N/A       69%         1
 Blink                    Tloc           0%         N/A       82%         2
 Call Imp                 Summ           0%         N/A       82%         2
 Cigotuvi's Dreadful Rot  Necr/Alch/Air  0%         N/A       82%         2
 Jinxbite                 Hex            0%         N/A       82%         2
 Lesser Beckoning         Tloc           0%         N/A       82%         2
 Momentum Strike          Conj/Tloc      0%         3d8       82%         2
 Scorch                   Fire           0%         2d5       82%         2
 Searing Ray              Conj           0%         2d4       82%         2
 Sublimation of Blood     Necr           0%         N/A       82%         2
 Call Canine Familiar     Summ           0%         N/A       96%         3
 Confusing Touch          Hex            0%         N/A       96%         3
 Frozen Ramparts          Ice            0%         1d1       96%         3
 Fugue of the Fallen      Necr           0%         N/A       96%         3
 Gell's Gravitas          Tloc           0%         N/A       96%         3
 Hailstorm                Conj/Ice       0%         3d5       96%         3
 Inner Flame              Hex/Fire       0%         N/A       96%         3
 Mephitic Cloud           Conj/Alch/Air  0%         N/A       96%         3
 Ozocubu's Armour         Ice            0%         N/A       96%         3
 Passwall                 Erth           0%         N/A       96%         3
 Sigil of Binding         Hex            0%         N/A       96%         3
 Stone Arrow              Conj/Erth      0%         3d7       96%         3
 Summon Ice Beast         Ice/Summ       0%         N/A       96%         3
 Swiftness                Air            0%         N/A       96%         3
 Teleport Other           Tloc           0%         N/A       96%         3
 Tukima's Dance           Hex            0%         N/A       96%         3
 Vampiric Draining        Necr           0%         2d6       96%         3
 Airstrike                Air            0%         2d(0-16)  100%        4
 Anguish                  Hex/Necr       0%         N/A       100%        4
 Cause Fear               Hex            0%         N/A       100%        4
 Dimensional Bullseye     Hex/Tloc       0%         N/A       100%        4
 Flame Wave               Conj/Fire      0%         2d4       100%        4
 Fulminant Prism          Conj/Alch      0%         3d5       100%        4
 Ignite Poison            Fire/Alch      0%         N/A       100%        4
 Leda's Liquefaction      Alch/Erth      0%         N/A       100%        4
 Manifold Assault         Tloc           0%         N/A       100%        4
 Martyr's Knell           Necr/Summ      0%         N/A       100%        4
 Olgreb's Toxic Radiance  Alch           0%         N/A       100%        4
 Passage of Golubria      Tloc           0%         N/A       100%        4
 Petrify                  Alch/Erth      0%         N/A       100%        4
 Sticky Flame             Fire/Alch      0%         2d4       100%        4
 Summon Blazeheart Golem  Fire/Summ      0%         N/A       100%        4
 Vhi's Electric Charge    Tloc/Air       0%         N/A       100%        4
 Arcjolt                  Conj/Air       0%         1d10      100%        5
 Curse of Agony           Necr           0%         N/A       100%        5
 Iskenderun's Battlesphe  Conj           0%         2d6       100%        5
 Lee's Rapid Deconstruct  Erth           0%         3d4*      100%        5
 Metabolic Englaciation   Hex/Ice        0%         N/A       100%        5
 Silence                  Hex/Air        0%         N/A       100%        5
 Summon Forest            Summ/Tloc      0%         N/A       100%        5
 Summon Mana Viper        Hex/Summ       0%         N/A       100%        5
 Yara's Violent Unravell  Hex/Alch       0%         3d3       100%        5
 Bombard                  Conj/Erth      0%         9d1       100%        6
 Death Channel            Necr           0%         N/A       100%        6
 Dispersal                Tloc           0%         N/A       100%        6
 Plasma Beam              Fire/Air       0%         2x1d10    100%        6
 Sculpt Simulacrum        Ice/Alch       0%         N/A       100%        6
 Starburst                Conj/Fire      0%         6d3       100%        6
 Summon Cactus Giant      Summ           0%         N/A       100%        6
 Enfeeble                 Hex            0%         N/A       100%        7
 Haunt                    Necr/Summ      0%         N/A       100%        7
 Malign Gateway           Summ/Tloc      0%         N/A       100%        7
 Monstrous Menagerie      Summ           0%         N/A       100%        7
 Orb of Destruction       Conj           0%         9d5       100%        7
 Ozocubu's Refrigeration  Ice            0%         4d7       100%        7
 Summon Hydra             Summ           0%         N/A       100%        7
 Borgnjor's Revivificati  Necr           0%         N/A       100%        8
 Discord                  Hex            0%         N/A       100%        8
 Disjunction              Tloc           0%         N/A       100%        8
 Ignition                 Fire           0%         3d3       100%        8
 Infestation              Necr           0%         N/A       100%        8
 Lehudib's Crystal Spear  Conj/Erth      0%         10d2      100%        8
 Maxwell's Capacitive Co  Air            0%         ∞         100%        8
 Summon Horrible Things   Summ           0%         N/A       100%        8
 Death's Door             Necr           0%         N/A       100%        9
 Polar Vortex             Ice            0%         N/A       100%        9


Dungeon Overview and Level Annotations

Branches:
Dungeon (15/15)            Temple (1/1) D:6            Lair (5/5) D:11
  Swamp (4/4) Lair:3        Snake (4/4) Lair:3        Slime (5/5) Lair:5
    Orc (2/2) D:9             Elf (3/3) Orc:2        Vaults (5/5) D:13
  Crypt (3/3) Vaults:3       Tomb (1/3) Crypt:3      Depths (4/4) D:15
   Hell (visited)             Dis (0/7) Hell            Geh (0/7) Hell
    Coc (0/7) Hell            Tar (0/7) Hell            Zot (5/5) Depths:4
  IceCv (visited)          WizLab (visited)         Desolation (visited)

Altars:
Ashenzari
Cheibriados
Dithmenos
Elyvilon
Fedhas
Gozag
Hepliaklqana
Kikubaaqudgha
Makhleb
Nemelex Xobeh
Okawaru
Qazlal
Ru
Sif Muna
Trog
Uskayaw
Vehumet
Wu Jian
Xom
Yredelemnul
Zin
The Shining One
Ignis
Jiyva

Shops:
D:5 *   D:10 (   D:12 (   Orc:2 *?[(**   Elf:1 (   Elf:2 ?   Elf:3 (   Lair:2 (
Lair:5 [   Snake:2 !   Snake:3 (   Snake:4 (*==:   Slime:5 *   Vaults:4 [(
Vaults:5 !(   Crypt:2 (   Depths:1 (   Depths:2 :   Depths:4 [[

Portals:
Hell: Depths:1 Depths:2 Depths:3 Depths:4
Abyss: Depths:3 Depths:4
Pandemonium: Depths:2
Ziggurat: Depths:4
Trove: D:14 (give +4 ice dragon scales)

Annotations:
Snake:1 1 runed translucent door, Paol's ghost, adept DsGl
Tomb:1 2 exclusions
Zot:5 1 exclusion


Innate Abilities, Weirdness & Mutations

You have a pair of horns on your head.
You reflexively headbutt those who attack you in melee.
You are partially covered in iridescent scales. (AC +2)
You sometimes lose your temper in combat.
Your body sometimes deteriorates upon taking damage.
Your magical capacity is low. (-10% MP)
You are somewhat resistant to further mutation.
You passively map a small area around you.
You are weak. (Str -2)
Your spells are a little harder to cast, but a little more powerful.
You are vulnerable to cold. (rC-)
You occasionally lose the ability to read scrolls when taking damage.
Your health recovers twice as slowly from being drained.


Message History

There is an open door here.
You reach down and open the door.
There is an open door here.
The ice devil attacks as it pursues you!
The ice devil misses you. You furiously retaliate!
You headbutt the ice devil!
The ice devil attacks as it pursues you!
The ice devil hits you but does no damage.
The ice devil misses you. You furiously retaliate!
You headbutt the ice devil!
There is a stone staircase leading up here.
You slice the ice devil!!
You kill the ice devil!
You fly upwards.
There is a stone staircase leading down here.
What level of the Dungeon? (default 1, ? - help)
You feel yourself speed up.
You recover from your berserk rage.
There is a stone staircase leading up here.
You fly upwards.
There is a stone staircase leading down here.
An Orb Guardian comes into view.
You rampage towards the Orb Guardian!
You closely miss the Orb Guardian. You headbutt the Orb Guardian.
The Orb Guardian is lightly wounded.
You block the Orb Guardian's attack.
A red film seems to cover your vision as you go berserk!
You feel yourself moving faster!
You feel mighty!
You open the Orb Guardian like a pillowcase!!!
The Orb Guardian is heavily wounded.
You block the Orb Guardian's attack.
You slash the Orb Guardian! You headbutt the Orb Guardian!!
The Orb Guardian is almost dead.
You slice the Orb Guardian!!
You kill the Orb Guardian!
What level of the Dungeon? (default 1, ? - help)
You feel a strong urge to attack something.
You feel your anger nearly subside.
You are no longer berserk.
You are exhausted.
You feel yourself slow down.
HP restored.
There is a staircase leading out of the dungeon here.
You have escaped!

#.##....######..############# #..
#...........................# #..
#..#....##..#.#>##..##......# #..
#..#........##.###..........# #..
#..#....##.##### ##.##......# #..
#..#....>### ###>......###..
#..#....##.## #####.##..........)
#..#........###.##...........[...
#..#....##..##>#@#..##...........
#..#.............................
####..............######[#.#..###
.........)#.#####.###..#.#.#..#..
.#####..#.#............#.#.#..#.#
........#.#.#####.####.#.#.#..#.#
.######.#.#.#####.# #.#.#.#..#.#
....###.#.#.#.....####.#.#.#..#..
......#.#.#.#.###....#.#.#.#..###


There were no monsters in sight!

Vanquished Creatures
  the Royal Jelly (Slime:5)
  Tiamat (Zot:3)
  4 ancient liches
  4 orbs of fire
  A juggernaut (Depths:2)
  Xtahua (Vaults:2)
  2 royal mummies
  Boris (Tomb:1)
  Sojobo (Vaults:4)
  Vashnia (Snake:2)
  A curse toe (Zot:4)
  Geryon (Hell)
  18 golden dragons
  4 caustic shrikes (Depths:2)
  A pearl dragon (Abyss:3)
  2 profane servitors
  The ghost of theMacoje the Slayer, an adept OnEn of Okawaru (Vaults:4)
  2 bone dragons (Abyss:4)
  2 hellephants
  A Brimstone Fiend (Zot:5)
  An iron giant (Hell)
  Jorgrun (D:13)
  An electric golem (Zot:5)
  2 shard shrike zombies
  19 tentacled monstrosities
  A tainted leviathan (Hell)
  17 Orb Guardians
  10 liches
  Rupert (D:14)
  2 deep elf blademasters (Elf:3)
  A walking earthen tome (Abyss:4)
  6 titans (Vaults:5)
  Mlioglotl (Snake:2)
  12 quicksilver dragons
  17 acid blobs
  11 sphinxes
  Gastronok (Lair:2)
  11 tentacled starspawn
  7 death cobs
  6 ancient champions
  8 shadow dragons
  Agnes (D:14)
  10 tengu reavers
  Donald (Snake:2)
  4 draconian monks
  16 storm dragons
  10 azure jellies
  11 rockslimes
  6 nagarajas
  4 revenants
  9 draconian knights
  2 curse skulls
  16 frost giants
  6 draconian shifters
  14 fire giants
  A caustic shrike zombie (Abyss:4)
  13 iron dragons
  8 deep elf sorcerers
  4 balrugs
  A spectral juggernaut (Depths:3)
  3 imperial myrmidons (Desolation)
  2 draconian scorchers
  17 vault wardens
  3 orc warlords
  2 cacodemons
  4 ghouls
  2 juggernaut zombies
  7 draconian stormcallers
  3 deep elf elementalists (Elf:3)
  3 spectral caustic shrikes (Depths:3)
  6 spriggan defenders
  2 angels
  4 ghost moths
  10 reapers
  10 draconian annihilators
  10 formless jellyfish
  10 stone giants
  11 ironbound thunderhulks
  8 quicksilver oozes
  4 deep elf demonologists
  13 ironbound preservers
  14 very ugly things
  6 vampire knights
  6 green draconians
  5 putrid mouths
  10 spark wasps
  5 bunyips
  12 deep elf death magi
  2 black draconians (Zot:2)
  8 purple draconians
  7 eleionomae
  8 deep elf annihilators (Elf:3)
  20 red draconians
  3 spectral titans (Depths:3)
  2 iron golems
  9 halazid warlocks
  10 dire elephants
  13 yellow draconians
  11 war gargoyles
  5 white draconians
  15 eidola
  4 green deaths
  A spectral quicksilver dragon (Depths:3)
  3 crystal guardians
  15 fire dragons
  2 quicksilver dragon zombies
  4 jiangshi
  12 mummy priests
  9 ettins
  A spriggan zombie (Hell)
  8 blizzard demons
  7 deep elf high priests
  A shambling mangrove (Swamp:3)
  11 yaktaur captains
  A spectral golden dragon (Depths:3)
  Josephine (D:15)
  13 great orbs of eyes
  A caustic shrike simulacrum (Crypt:1)
  An entropy weaver (Vaults:2)
  A quicksilver dragon skeleton (Crypt:3)
  7 servants of whispers (Desolation)
  13 ice dragons
  4 rakshasas
  29 vault guards
  4 spectral tengu (Depths:3)
  Harold (D:9)
  12 ragged hierophants (Desolation)
  The ghost of mohammadb5305 the Earth Mage, a journeyman GrEE of Gozag (Lair:3)
  3 hell beasts (Depths:1)
  4 spriggan air magi
  19 hydras
  A ghost crab (Swamp:3)
  10 alligators
  12 ironbound frosthearts
  5 ogre magi (Vaults:5)
  10 anacondas
  13 peacekeepers
  3 spectral sphinxes (Depths:3)
  2 spriggan skeletons
  A death knight (D:15)
  8 two-headed ogres
  16 centaur warriors
  3 deep troll earth magi
  32 dancing weapons
  3 death yaks
  8 deep troll shamans
  20 hell hogs
  A spectral frost giant (Depths:3)
  A tengu warrior (Depths:1)
  4 boulder beetles
  10 spriggan berserkers
  5 death scarabs (Tomb:1)
  15 naga warriors
  3 orc high priests
  A titan zombie (Crypt:3)
  3 vampire magi
  22 naga sharpshooters
  13 thrashing horrors
  9 shock serpents
  A demonic crawler (Abyss:4)
  An occultist (Depths:1)
  9 soul eaters
  An emperor scorpion zombie (Crypt:2)
  17 hell knights
  A storm dragon zombie (Hell)
  18 sun demons
  8 wretched stars
  Nergalle (D:9)
  A spectral storm dragon (Depths:3)
  20 deep elf knights
  5 salamander mystics (Snake:4)
  A storm dragon skeleton (Crypt:1)
  3 shadow wraiths
  4 sixfirhies
  13 iron trolls
  2 skysharks (Lair:5)
  45 deep trolls
  2 quicksilver dragon simulacra (Depths:4)
  20 skeletal warriors
  A deep troll (shapeshifter) (Vaults:5)
  6 flayed ghosts
  A sea snake (Zot:5)
  2 shadow demons
  A spectral spark wasp (WizLab)
  6 goliath frogs
  2 spatial maelstroms
  9 arcanists
  3 anaconda zombies
  3 spriggan druids
  2 sea snakes (shapeshifter) (Vaults:5)
  2 glowing orange brains
  A bunyip skeleton (Crypt:3)
  20 bog bodies
  A bunyip zombie (Crypt:3)
  An obsidian statue (Depths:3)
  11 swamp dragons
  2 anaconda skeletons
  An orange crystal statue (D:9)
  A spectral iron dragon (Depths:3)
  15 mana vipers
  15 naga ritualists
  A spectral wolf spider (WizLab)
  14 deep elf archers
  20 phantasmal warriors
  14 lindwurms
  Pikel (D:8)
  25 deep elf zephyrmancers
  An alligator zombie (Hell)
  25 deep elf pyromancers
  An orb spider (Abyss:4)
  13 ironbound convokers
  26 necromancers
  5 orc knights
  69 ugly things
  5 cyclopes
  4 orc sorcerers
  11 shining eyes
  6 harpies
  5 will-o-the-wisps
  A steelbarb worm (shapeshifter) (Depths:4)
  12 salamanders
  3 oklob plants (Lair:5)
  An elephant (shapeshifter) (Depths:3)
  3 worldbinders
  5 manticores
  2 naga zombies (Crypt:3)
  A black mamba (shapeshifter) (Elf:1)
  23 large abominations
  28 moths of wrath
  2 apocalypse crabs (Abyss:4)
  A centaur zombie (Crypt:3)
  2 dire elephant zombies (Crypt:1)
  6 meliai
  A meliai (shapeshifter) (Vaults:5)
  8 kobold blastminers (Orc:2)
  19 guardian serpents
  33 elephants
  5 rust devils
  14 vault sentinels
  A torpor snail (Lair:1)
  An alligator snapping turtle zombie (Crypt:3)
  26 naga magi
  7 molten gargoyles
  57 black mambas
  22 smoke demons
  A dire elephant skeleton (Hell)
  3 gargoyles
  5 ice statues
  5 orange demons
  A hellion (Depths:1)
  2 centaur skeletons
  An emperor scorpion simulacrum (Crypt:1)
  7 eyes of devastation
  8 cane toads
  A cane toad (shapeshifter) (D:14)
  3 ice devils
  Maggie (D:8)
  3 rime drakes
  A catoblepas zombie (Crypt:2)
  A sea snake zombie (Hell)
  3 efreet
  A spectral glowing shapeshifter (Depths:3)
  A rime drake (shapeshifter) (D:13)
  15 freezing wraiths
  2 tormentors
  18 guardian mummies
  An anaconda simulacrum (Hell)
  5 komodo dragons
  57 yaktaurs
  A death drake zombie (Crypt:2)
  8 tyrant leeches
  14 hellwings
  2 sea snake skeletons (Hell)
  2 spectral harpies (WizLab)
  2 ancient zymes (Abyss:4)
  4 red devils
  A tengu conjurer (Depths:3)
  5 harpy zombies
  21 hornets
  9 trolls
  8 polar bears
  A wolf spider simulacrum (D:15)
  3 hydra skeletons (Hell)
  A merfolk (shapeshifter) (Vaults:5)
  Prince Ribbit (D:9)
  3 harpy skeletons
  6 glass eyes
  33 raiju
  60 saltlings (Desolation)
  13 blink frogs
  A guardian serpent zombie (Crypt:2)
  An ettin zombie (Crypt:3)
  8 ynoxinuls
  Sigmund (D:6)
  A shadow (D:10)
  146 slime creatures
  4 ushabtiu
  An ettin skeleton (Crypt:1)
  22 spriggans
  10 water elementals
  18 wraiths
  12 wyverns
  A merfolk skeleton (Crypt:1)
  2 fire elementals (Elf:3)
  An orc simulacrum (Hell)
  57 yaks
  A culicivora (shapeshifter) (Depths:2)
  Eustachio (D:6)
  17 golden eyes
  4 steam dragons
  5 humans (D:8)
  18 vampire mosquitoes
  6 neqoxecs
  11 basilisks
  3 wargs
  15 swamp worms
  3 spatial vortices
  A faun zombie (Crypt:2)
  A glowing shapeshifter zombie (Crypt:2)
  51 nagas
  8 chaos spawn
  2 acid dragons
  Duvessa (D:6)
  6 hell hounds
  A hydra simulacrum (Hell)
  24 water moccasins
  4 naga skeletons
  33 orc warriors
  2 sky beasts
  A black bear (Lair:3)
  24 laughing skulls
  3 ice beasts
  2 ettin simulacra (Depths:4)
  8 swamp drakes
  A wolf (shapeshifter) (Depths:4)
  11 centaurs
  7 wolves
  17 ogres
  2 boggarts (D:9)
  A rime drake zombie (Crypt:2)
  A phantom (D:5)
  4 lemures (D:8)
  3 kobold brigands
  6 weeping skulls
  A brain worm (Abyss:3)
  3 elf zombies (Elf:1)
  11 bullfrogs
  5 scorpions
  A necrophage (Swamp:3)
  2 earth elementals
  10 small abominations
  A cane toad simulacrum (IceCv)
  7 wyvern skeletons (Crypt:3)
  5 wights (D:8)
  A draconian skeleton (Crypt:1)
  Dowan (D:6)
  3 elephant simulacra (IceCv)
  A cyclops skeleton (Crypt:1)
  8 killer bees
  3 howler monkeys
  6 electric eels
  A polar bear skeleton (Crypt:1)
  2 bombardier beetles
  4 lava snakes (Lair:5)
  A quasit (Abyss:3)
  A gnoll bouda (D:9)
  2 hounds
  19 orc priests
  37 starcursed masses
  5 iguanas
  A sleepcap (D:5)
  Ijyb (D:5)
  27 orc wizards
  A wolf simulacrum (IceCv)
  5 mummies (Tomb:1)
  4 gnolls (D:9)
  A swamp drake zombie (Crypt:1)
  10 adders
  2 shadow imps
  8 ufetubi
  2 ribbon worms
  3 dart slugs
  75 orcs
  5 ball pythons
  8 endoplasms
  7 giant cockroaches
  6 goblins
  5 hobgoblins
  5 jackals (D:4)
  4 quokkas
  A ball python skeleton (Crypt:1)
  10 bats
  A dart slug zombie (Crypt:1)
  4 frilled lizards
  16 kobolds
  3 rats
  An aspiring flesh (Zot:5)
  A spectral weapon (Swamp:3)
  11 starspawn tentacles
3172 creatures vanquished.

Vanquished Creatures (collateral kills)
  A dread lich (Zot:5)
  Saint Roka (Depths:2)
  2 Killer Klowns (Zot:5)
  the Lernaean hydra (Swamp:4)
  A golden dragon (Zot:3)
  A lich (Crypt:3)
  2 Orb Guardians (Zot:5)
  An acid blob (Slime:5)
  A protean progenitor (Zot:5)
  A storm dragon (Zot:5)
  A fire giant (Zot:4)
  A frost giant (Zot:4)
  A quicksilver ooze (Slime:5)
  A green draconian (Zot:4)
  An ettin (Zot:4)
  A fire dragon (Zot:3)
  A ragged hierophant (Desolation)
  A peacekeeper (Desolation)
  A hydra (Lair:2)
  2 ice dragons
  2 two-headed ogres (Zot:4)
  A sun demon (Depths:4)
  3 deep trolls (Zot:4)
  3 moths of wrath
  A black mamba (Snake:2)
  An efreet (Zot:4)
  A troll (Zot:4)
  A saltling (Desolation)
  2 acid dragons (Zot:3)
  An ogre (Zot:4)
  An orc priest (Depths:2)
  An aspiring flesh (Zot:5)
41 creatures vanquished.

Vanquished Creatures (others)
  A dread lich (Zot:5)
  2 orbs of fire (Zot:5)
  A Killer Klown (Zot:5)
  A golden dragon (Zot:5)
  An electric golem (Zot:5)
  3 tentacled monstrosities
  9 Orb Guardians (Zot:5)
  A titan (Zot:4)
  A storm dragon (Zot:5)
  A demonspawn warmonger (Zot:5)
  7 fire giants
  A ghost moth (Zot:4)
  A reaper (Zot:5)
  A stone giant (Zot:4)
  A very ugly thing (Abyss:4)
  A black draconian (Zot:5)
  2 ettins (Zot:4)
  A red draconian (Zot:5)
  A white draconian (Zot:4)
  A fire dragon (Depths:2)
  A peacekeeper (Elf:1)
  A skeletal warrior (Depths:4)
  4 iron trolls (Zot:4)
  A deep troll (Zot:4)
  A deep elf pyromancer (Elf:2)
  An ugly thing (Abyss:4)
  6 moths of wrath
  An efreet (Zot:5)
  2 trolls (Zot:4)
  2 bloated husks
  2 golden eyes (Abyss:4)
  3 small abominations (Abyss:4)
  A naga (Snake:4)
  3 ogres (Zot:4)
  2 ettin simulacra (Depths:4)
  A centaur (D:13)
  37 foxfires
  15 starspawn tentacles
122 creatures vanquished.

Grand Total: 3335 creatures vanquished

Notes
Turn   | Place    | Note
-------+----------+-------------------------------------------
     0 | D:1      | TobyConnect the Minotaur Fighter began the quest for the
                  | Orb.
     0 | D:1      | Reached XP level 1. HP: 19/19 MP: 0/0
   252 | D:1      | Reached XP level 2. HP: 24/27 MP: 1/1
  1093 | D:2      | Reached XP level 3. HP: 33/33 MP: 2/2
  1222 | D:2      | Found a faded altar of an unknown god.
  1914 | D:3      | Reached XP level 4. HP: 41/41 MP: 3/3
  2175 | D:3      | Found a white marble altar of Elyvilon.
  2343 | D:3      | Reached skill level 5 in Fighting
  2801 | D:4      | Noticed a scorpion
  3039 | D:4      | Noticed a scorpion
  3063 | D:5      | Entered Level 5 of the Dungeon
  3141 | D:5      | You fall into a shaft and drop 2 floors!
  3175 | D:7      | Reached XP level 5. HP: 48/48 MP: 4/4
  3263 | D:6      | Noticed a sky beast
  3275 | D:6      | Killed a sky beast
  3276 | D:6      | Reached skill level 5 in Axes
  3276 | D:6      | Reached skill level 5 in Armour
  3276 | D:6      | Reached XP level 6. HP: 32/57 MP: 5/5
  3352 | D:6      | Noticed an orc warrior
  3356 | D:6      | Noticed Duvessa
  3366 | D:6      | Killed an orc warrior
  3371 | D:6      | Killed Duvessa
  3371 | D:6      | Noticed Dowan
  3372 | D:6      | Reached XP level 7. HP: 41/64 MP: 6/6
  3382 | D:6      | Killed Dowan
  4057 | D:4      | Identified the +5 dagger "Diqaeq" {vamp, rPois Str+4 Int-5}
  4707 | D:5      | Found Pucaydoj's Serpentskin Sales.
  4716 | D:5      | Reached XP level 8. HP: 46/74 MP: 7/7
  5128 | D:5      | Noticed Ijyb
  5141 | D:5      | Killed Ijyb
  5665 | D:6      | Found a staircase to the Ecumenical Temple.
  5676 | Temple   | Entered the Ecumenical Temple
  5709 | Temple   | Became a worshipper of Gozag Ym Sagoz the Greedy
  5846 | D:6      | Noticed Sigmund
  5859 | D:6      | Killed Sigmund
  6235 | D:7      | Reached XP level 9. HP: 84/84 MP: 8/8
  6861 | D:7      | Reached skill level 10 in Fighting
  7204 | D:8      | Reached skill level 10 in Axes
  7391 | D:8      | Noticed Maggie
  7428 | D:8      | Killed Maggie
  7716 | D:8      | Reached XP level 10. HP: 73/95 MP: 9/9
  7972 | D:6      | Noticed Eustachio
  7979 | D:6      | Killed Eustachio
  8003 | D:5      | Bought a ring of poison resistance for 280 gold pieces
  8004 | D:5      | Bought 6 curare-tipped darts for 100 gold pieces
  8395 | D:8      | Noticed Pikel
  8421 | D:8      | Killed Pikel
  8759 | D:9      | Noticed an orange crystal statue
  8799 | D:9      | Noticed a two-headed ogre
  8803 | D:9      | Noticed a two-headed ogre
  8854 | D:8      | Killed a two-headed ogre
  9079 | D:9      | Killed a two-headed ogre
  9286 | D:9      | Noticed Prince Ribbit
  9298 | D:9      | Killed Prince Ribbit
  9553 | D:9      | Noticed Harold
  9974 | D:9      | Killed Harold
  9975 | D:9      | Reached XP level 11. HP: 63/107 MP: 10/10
 10104 | D:9      | Reached skill level 10 in Armour
 10373 | D:9      | Found a staircase to the Orcish Mines.
 10598 | D:10     | Entered Level 10 of the Dungeon
 10694 | D:10     | Noticed a two-headed ogre
 10701 | D:9      | Killed a two-headed ogre
 11845 | D:10     | Found a stormy altar of Qazlal.
 12229 | D:11     | Found a staircase to the Lair.
 12438 | D:11     | Noticed a two-headed ogre
 12447 | D:11     | Killed a two-headed ogre
 13067 | D:11     | Reached skill level 15 in Fighting
 13390 | D:12     | Reached XP level 12. HP: 104/119 MP: 11/11
 13533 | D:12     | Reached skill level 15 in Axes
 13535 | D:12     | Identified the +8 short sword "Anoad" {flame, rN+}
 13723 | D:12     | Found a transporter.
 14465 | D:12     | Found a transporter.
 15122 | Orc:1    | Entered Level 1 of the Orcish Mines
 15249 | Orc:1    | Noticed an orc warlord
 15366 | Orc:1    | Killed an orc warlord
 15368 | Orc:1    | HP: 5/122 [orc warrior/+0 halberd[an orc warlord] (10)]
 15855 | Orc:1    | Noticed Nergalle
 15863 | Orc:1    | Noticed an ettin
 16052 | D:9      | Killed Nergalle
 16084 | Orc:1    | Killed an ettin
 16465 | Orc:2    | Entered Level 2 of the Orcish Mines
 16682 | Orc:2    | Found Ofasuyn's Assorted Antiques.
 16705 | Orc:2    | Found Acha's General Store.
 16711 | Orc:2    | Found Feotamm's Specific Store.
 16946 | Orc:2    | Bought a scroll of teleportation for 36 gold pieces
 16946 | Orc:2    | Bought a scroll of identify for 24 gold pieces
 16950 | Orc:2    | Bought a phial of floods for 440 gold pieces
 16965 | Orc:2    | Bought a scroll of blinking for 255 gold pieces
 17450 | Orc:2    | HP: 6/124 [kobold blastminer/iron shot (23)]
 17457 | Orc:2    | Reached XP level 13. HP: 16/130 MP: 12/12
 19168 | Orc:2    | Found Uxoleq's Magic Scroll Boutique.
 19173 | Orc:2    | Bought a scroll of identify for 32 gold pieces
 19173 | Orc:2    | Bought a scroll of blinking for 120 gold pieces
 19173 | Orc:2    | Bought a scroll of identify for 32 gold pieces
 19173 | Orc:2    | Bought a scroll of identify for 32 gold pieces
 19231 | Orc:2    | Noticed an orc warlord
 19389 | Orc:1    | Killed an orc warlord
 19390 | Orc:1    | Reached skill level 1 in Evocations
 19942 | Orc:2    | Found a staircase to the Elven Halls.
 20315 | Orc:2    | Found Hukhevut's Assorted Antiques.
 20417 | Orc:2    | Found Vil Poz's Antique Weapon Emporium.
 20418 | Orc:2    | Found Haboaps's Antique Armour Shoppe.
 20431 | Orc:2    | Bought a warped hand axe for 200 gold pieces
 20431 | Orc:2    | Identified the +1 hand axe of Painful Death {elec, Fly
                  | Int+2 Dex+3} (You bought it in a shop on level 2 of the
                  | Orcish Mines)
 21071 | D:12     | HP: 5/130 [swamp worm (18)]
 21082 | D:12     | Identified the ring "Pelibly" {rPois rC- rN+++ Int-3 SInv}
 21085 | D:12     | Identified the +0 pair of boots "Tiklu" {Int+2}
 23057 | Lair:1   | Entered Level 1 of the Lair of Beasts
 24043 | Lair:1   | Reached XP level 14. HP: 93/143 MP: 13/13
 24832 | Lair:2   | Noticed Gastronok
 24846 | Lair:2   | Killed Gastronok
 25713 | Lair:2   | Bought a crystal hand axe for 160 gold pieces
 25713 | Lair:2   | Identified the +1 hand axe "Raepn" {flame, Str+5} (You
                  | bought it in a shop on level 2 of the Lair of Beasts)
 25749 | Lair:3   | You fall into a shaft and drop 2 floors!
 25749 | Lair:5   | Entered Level 5 of the Lair of Beasts
 26012 | Lair:3   | Noticed mohammadb5305's ghost (journeyman GrEE)
 26012 | Lair:3   | Found a transporter.
 26018 | Lair:3   | Found a transporter.
 26109 | Lair:3   | Found a frozen archway.
 26326 | IceCv    | Entered an ice cave
 26663 | IceCv    | Found a transporter.
 26677 | IceCv    | Found a transporter.
 27570 | Lair:3   | Got the Spellbook of Fascination
 28032 | Lair:3   | Reached skill level 5 in Evocations
 28446 | Lair:3   | Found a staircase to the Snake Pit.
 28513 | Lair:3   | Found a staircase to the Swamp.
 30061 | Lair:5   | Reached XP level 15. HP: 141/155 MP: 14/14
 30109 | Lair:5   | Found a viscous altar of Jiyva.
 30318 | Lair:5   | Found a staircase to the Slime Pits.
 30801 | Lair:5   | Found a large runed translucent door.
 30802 | Lair:5   | Found a large runed translucent door.
 32896 | D:13     | Noticed Jorgrun
 33391 | D:13     | Killed Jorgrun
 34450 | D:13     | Reached skill level 15 in Armour
 34491 | D:13     | Found a gate to the Vaults.
 34759 | D:14     | Noticed Agnes
 34776 | D:14     | Killed Agnes
 34972 | D:14     | Noticed Rupert
 34987 | D:14     | Killed Rupert
 35529 | D:14     | Found a portal to a secret trove of treasure.
 36583 | D:15     | Entered Level 15 of the Dungeon
 37637 | D:15     | Reached XP level 16. HP: 136/167 MP: 15/15
 38438 | D:15     | Noticed Josephine
 38445 | D:15     | Killed Josephine
 38560 | D:15     | Found a staircase to the Depths.
 39205 | Snake:1  | Entered Level 1 of the Snake Pit
 40706 | Snake:1  | Found a runed translucent door.
 40706 | Snake:1  | Noticed Paol's ghost (adept DsGl)
 40808 | Lair:5   | Bought glimmering storm dragon scales for 2550 gold pieces
 40808 | Lair:5   | Identified the +6 storm dragon scales of the Shrike
                  | {^Contam rElec Str+4} (You bought it in a shop on level 5
                  | of the Lair of Beasts)
 43009 | Snake:2  | Found Vugik's Distillery.
 43020 | Snake:2  | Bought a potion of curing for 63 gold pieces
 43020 | Snake:2  | Bought a potion of curing for 63 gold pieces
 43020 | Snake:2  | Bought a potion of curing for 63 gold pieces
 43020 | Snake:2  | Bought a potion of heal wounds for 105 gold pieces
 43092 | Snake:2  | Noticed Mlioglotl
 43102 | Snake:2  | Noticed Vashnia
 43104 | Snake:2  | Killed Mlioglotl
 44237 | Snake:2  | Noticed Donald
 44729 | Snake:2  | Found a runed translucent door.
 46267 | Snake:2  | Killed Donald
 46289 | Snake:2  | Killed Vashnia
 46775 | Snake:2  | Reached XP level 17. HP: 116/177 MP: 16/16
 48088 | Snake:3  | Reached skill level 1 in Dodging
 48861 | Snake:4  | Entered Level 4 of the Snake Pit
 49153 | Snake:4  | Found Ylomm's Weapon Emporium.
 49278 | Snake:4  | Found Hodas's Overcharged Wands.
 49912 | Snake:4  | Found Izec's Book Boutique.
 49912 | Snake:4  | Found Gikyfe Pung's Jewellery Emporium.
 49966 | Snake:4  | Found Rifatiq's Jewellery Emporium.
 50740 | Snake:4  | Got a serpentine rune of Zot
 50984 | Snake:4  | Reached XP level 18. HP: 136/189 MP: 17/17
 51677 | Swamp:1  | Entered Level 1 of the Swamp
 52089 | Elf:1    | Entered Level 1 of the Elven Halls
 52224 | Elf:1    | Found a crumbling gateway.
 52250 | Desolati | Entered the Desolation of Salt
 52414 | Desolati | Reached skill level 5 in Dodging
 52833 | Desolati | Identified the +0 buckler "Joempum" {+Blink rF+ rC- MP+9
                  | Str+3}
 52839 | Desolati | Identified the +6 falchion of Greed {vamp, rElec}
 53059 | Desolati | Identified the ring "Jeahouli" {rN+ Will- AC+4 Int+4 Dex+2}
 53109 | Desolati | Reached skill level 10 in Evocations
 53303 | Desolati | Got Lysaud's Octavo of Fog
 53309 | Desolati | Got Goceleus's Handbook of Algid Injury
 53313 | Desolati | Identified the +8 chain mail of the Shishi {rPois Slay+3}
 53440 | Desolati | Identified the ring of Avom {rPois rC- Str+6 Int+3}
 53567 | Desolati | Identified the ring "Jih Enoacw" {rCorr EV+5 Slay+3}
 54556 | Elf:1    | Got Cigotuvi's Folio of Diablerie
 54808 | Elf:1    | Identified the ring of Cuhul {*Corrode +Blink rPois AC+4
                  | Dex+5 Stlth+}
 55415 | Elf:1    | Reached XP level 19. HP: 200/200 MP: 18/18
 56460 | Elf:2    | Found Rifepn's Magic Scroll Shoppe.
 56800 | Elf:2    | Found a runed translucent gate.
 56800 | Elf:2    | Found a runed translucent gate.
 56800 | Elf:2    | Found a runed translucent gate.
 56903 | Elf:3    | Entered Level 3 of the Elven Halls
 57215 | Elf:3    | Noticed a Brimstone Fiend
 57221 | Elf:3    | HP: 8/200 [???[a deep elf demonologist] (6)]
 57404 | Elf:3    | Identified the +4 quarterstaff "Killer Bee's Peril" {heavy,
                  | *Rage rF+ Int+3}
 57600 | Abyss:2  | Cast into level 2 of the Abyss (a deep elf demonologist)
 57683 | Abyss:3  | Noticed a bone dragon
 57848 | Abyss:3  | Noticed a profane servitor
 58033 | Elf:3    | Escaped the Abyss
 59974 | Swamp:2  | You fall into a shaft and drop 1 floor!
 60585 | Swamp:3  | Reached XP level 20. HP: 172/211 MP: 19/19
 61163 | Swamp:4  | Entered Level 4 of the Swamp
 62061 | Swamp:4  | Noticed the 27-headed Lernaean hydra
 62062 | Swamp:4  | Killed the 27-headed Lernaean hydra
 62081 | Swamp:4  | Got a decaying rune of Zot
 62514 | Elf:3    | Killed a profane servitor
 62625 | Elf:3    | Identified the +3 quarterstaff "Ges Arad" {drain, MP+9
                  | Str-3 Int+3}
 63137 | Elf:3    | Identified the ring "Hef Yna" {Ice rCorr Str+4 Int-4}
 63150 | Abyss:3  | Cast into level 3 of the Abyss (a deep elf sorcerer)
 63153 | Abyss:3  | Noticed a pearl dragon
 63162 | Abyss:3  | Killed a pearl dragon
 63415 | Elf:3    | Escaped the Abyss
 63788 | Elf:3    | Got the Anthology of Injury
 63951 | Elf:3    | Got the Omnibus of Execration and the Crater
 63962 | Elf:3    | Got the Treatise on Searing Spooky Action
 63981 | Elf:3    | Identified the +0 pair of gloves of Prudence {Fly Regen+
                  | Str+4 Stlth-}
 64298 | Orc:2    | Bought a tin of tremorstones (2/2) for 1360 gold pieces
 64443 | Vaults:1 | Entered Level 1 of the Vaults
 64637 | Vaults:1 | Reached skill level 10 in Dodging
 64774 | Vaults:1 | Found a flickering gateway to a bazaar.
 64920 | Bazaar   | Entered a bazaar
 64934 | Bazaar   | Found Tanlarph's Book Shoppe.
 64934 | Bazaar   | Found Juoharra's Antique Armour Emporium.
 64991 | Bazaar   | Found Qizxa's Weapon Shoppe.
 65117 | Vaults:1 | Reached XP level 21. HP: 222/222 MP: 20/20
 66053 | Vaults:2 | Found a magical portal.
 66066 | WizLab   | Entered Borgnjor's Mausoleum
 67500 | Vaults:2 | Identified the +1 war axe of the Eternal Void {spect, rC+
                  | Str+2}
 67600 | Vaults:2 | Reached skill level 27 in Fighting
 67977 | Vaults:2 | Reached skill level 27 in Axes
 67992 | Vaults:2 | Noticed Xtahua
 67997 | Vaults:2 | Paralysed by Xtahua for 2 turns
 68012 | Vaults:2 | Killed Xtahua
 68529 | Vaults:3 | Reached skill level 5 in Shields
 68810 | Vaults:3 | Reached XP level 22. HP: 193/233 MP: 21/21
 69038 | Vaults:3 | Found a staircase to the Crypt.
 69674 | Vaults:4 | Found a runed translucent door.
 69724 | Vaults:4 | Noticed Sojobo
 69742 | Vaults:4 | Killed Sojobo
 70236 | Vaults:4 | Paralysed by a formless jellyfish for 1 turns
 70719 | Vaults:4 | Found Muys's Antique Armour Shoppe.
 70772 | Vaults:4 | Noticed theMacoje's ghost (adept OnEn)
 70851 | Vaults:4 | Killed theMacoje's ghost
 71097 | Depths:1 | Entered Level 1 of the Depths
 71300 | Depths:1 | Found an iron altar of Okawaru.
 72323 | Depths:1 | Found a gateway to Hell.
 72542 | Depths:2 | Noticed Saint Roka
 73312 | Orc:2    | Bought a scroll of teleportation for 48 gold pieces
 73312 | Orc:2    | Bought a scroll of teleportation for 48 gold pieces
 74309 | Elf:2    | Reached XP level 23. HP: 234/240 MP: 22/22
 74809 | Lair:3   | Killed mohammadb5305's ghost
 74810 | Lair:3   | Reached skill level 10 in Shields
 75153 | Vaults:5 | Entered Level 5 of the Vaults
 75355 | Vaults:5 | Identified the ring of Biucih Lykk {^Contam Fly rElec EV+5
                  | Int+6}
 75540 | Vaults:5 | Identified the +9 spear "Emeeviug" {speed, Dex+2}
 75695 | Vaults:5 | Reached skill level 15 in Evocations
 75740 | Vaults:5 | Noticed an ancient lich
 75756 | Vaults:5 | Killed an ancient lich
 75784 | Vaults:5 | Reached skill level 15 in Dodging
 75855 | Vaults:5 | Gained mutation: You are frail. (-10% HP) [a shining eye]
 75857 | Vaults:5 | Gained mutation: You are clumsy. (Dex -2) [a shining eye]
 76494 | Vaults:5 | Found Ykaqesiwu's Distillery.
 76578 | Vaults:5 | Lost mutation: You are clumsy. (Dex -2) [potion of
                  | mutation]
 76578 | Vaults:5 | Lost mutation: You are frail. (-10% HP) [potion of
                  | mutation]
 76578 | Vaults:5 | Gained mutation: You are robust. (+10% HP) [potion of
                  | mutation]
 76578 | Vaults:5 | Gained mutation: You have large cloven feet. [potion of
                  | mutation]
 76708 | Vaults:5 | Noticed an ancient lich
 76722 | Vaults:5 | Killed an ancient lich
 76872 | Vaults:5 | Identified the +9 scimitar of the Inferno {freeze, rC+
                  | Str+2 Stlth+}
 77040 | Vaults:5 | Reached XP level 24. HP: 267/273 MP: 22/22
 77227 | Vaults:5 | Got a silver rune of Zot
 77235 | Vaults:5 | Identified the staff "Vuemurph" {Conj Air Earth}
 77243 | Vaults:5 | Identified the ring "Juvuna" {rCorr Int+2 Dex+2}
 77273 | Vaults:5 | Reached XP level 25. HP: 282/282 MP: 22/22
 77412 | Vaults:5 | Identified the ring of Uhekhlus {Will- Int+6 Dex+2 Slay+4}
 77690 | Depths:2 | Killed Saint Roka
 77930 | Depths:2 | Found Niacuuvi's Book Emporium.
 77940 | Depths:2 | Bought a manual of Dodging for 1200 gold pieces
 78001 | Depths:2 | Found a one-way gate leading to the halls of Pandemonium.
 78547 | Depths:2 | Noticed a juggernaut
 78966 | Depths:2 | Killed a juggernaut
 79163 | Depths:3 | Found a one-way gate to the infinite horrors of the Abyss.
 79613 | Abyss:3  | Cast into level 3 of the Abyss (hell knight)
 79855 | Depths:3 | Escaped the Abyss
 79951 | Depths:3 | Reached XP level 26. HP: 292/292 MP: 22/22
 80719 | Depths:3 | Noticed a royal mummy
 80743 | Depths:3 | Killed a royal mummy
 80813 | Depths:4 | Entered Level 4 of the Depths
 81388 | Depths:4 | Found an ornate altar of the Wu Jian Council.
 81711 | Depths:4 | Found a glowing golden altar of the Shining One.
 81942 | Depths:4 | Found a bloodstained altar of Trog.
 81943 | Depths:4 | Found a one-way gateway to a ziggurat.
 81994 | Depths:4 | Found a white marble altar of Elyvilon.
 82192 | Depths:4 | Found a gate to the Realm of Zot.
 82788 | Orc:2    | Bought a scroll of teleportation for 75 gold pieces
 82788 | Orc:2    | Bought a scroll labelled LAVVUT INIWI for 25 gold pieces
 83476 | Crypt:1  | Entered Level 1 of the Crypt
 85894 | Crypt:3  | Entered Level 3 of the Crypt
 86247 | Crypt:3  | Noticed an ancient lich
 86256 | Crypt:3  | Killed an ancient lich
 86267 | Crypt:3  | Identified the +6 chain mail of the Snake Pit {Dex+3}
 86278 | Crypt:3  | Identified the amulet "Ojaewkut" {Faith Rampage Will+
                  | Int+2}
 86279 | Crypt:3  | Identified the +5 leather armour of Beogh's Grace {rPois}
 86287 | Crypt:3  | Identified the staff of Karma {rPois rC+++ rN+ Stlth- Necro
                  | Tloc}
 86431 | Crypt:3  | Found an ancient bone altar of Kikubaaqudgha.
 86466 | Crypt:3  | Reached XP level 27. HP: 300/300 MP: 22/22
 86749 | Crypt:2  | Bought the +9 broad axe of Aczifusy {heavy, ^Fragile rElec
                  | rN+ Will+} for 985 gold pieces
 86996 | Crypt:3  | Found a staircase to the Tomb.
 87860 | Hell     | Entered the Vestibule of Hell
 87860 | Hell     | Noticed Geryon
 88528 | Hell     | Reached skill level 27 in Armour
 89071 | Hell     | Killed Geryon
 89276 | Hell     | Found a gateway to the Iron City of Dis.
 89479 | Hell     | Found a gateway to the decaying netherworld of Tartarus.
 89530 | Hell     | Found a gateway to the ashen valley of Gehenna.
 89700 | Hell     | Found a gateway to the freezing wastes of Cocytus.
 89989 | Slime:1  | Entered Level 1 of the Pits of Slime
 90011 | Slime:1  | Gained mutation: You are partially covered in large bone
                  | plates. (SH +4) [a shining eye]
 90012 | Slime:1  | Gained mutation: Your body sometimes deteriorates upon
                  | taking damage. [a shining eye]
 90015 | Slime:1  | Gained mutation: You are clumsy. (Dex -2) [a shining eye]
 90035 | Slime:1  | Gained mutation: You sometimes lose your temper in combat.
                  | [a shining eye]
 90039 | Slime:1  | Gained mutation: Your health recovers twice as slowly from
                  | being drained. [a shining eye]
 90041 | Slime:1  | Lost mutation: You have large cloven feet. [a shining eye]
 90044 | Slime:1  | Lost mutation: You are partially covered in large bone
                  | plates. (SH +4) [potion of mutation]
 90044 | Slime:1  | Lost mutation: Your health recovers twice as slowly from
                  | being drained. [potion of mutation]
 90044 | Slime:1  | Gained mutation: Your magical capacity is low. (-10% MP)
                  | [potion of mutation]
 90044 | Slime:1  | Gained mutation: You have a pair of large horns on your
                  | head. [potion of mutation]
 90044 | Slime:1  | Lost mutation: You are clumsy. (Dex -2) [potion of
                  | mutation]
 90045 | Slime:1  | Lost mutation: Your body sometimes deteriorates upon taking
                  | damage. [potion of mutation]
 90045 | Slime:1  | Lost mutation: You have a pair of large horns on your head.
                  | [potion of mutation]
 90045 | Slime:1  | Gained mutation: Your flesh is heat resistant. (rF+)
                  | [potion of mutation]
 90045 | Slime:1  | Gained mutation: You do not regenerate when monsters are
                  | visible. [potion of mutation]
 90046 | Slime:1  | Lost mutation: You sometimes lose your temper in combat.
                  | [potion of mutation]
 90046 | Slime:1  | Lost mutation: You are robust. (+10% HP) [potion of
                  | mutation]
 90046 | Slime:1  | Lost mutation: You do not regenerate when monsters are
                  | visible. [potion of mutation]
 90282 | Slime:2  | Gained mutation: You have hidden genetic defects. [a
                  | shining eye]
 90285 | Slime:2  | Gained mutation: Your body sometimes deteriorates upon
                  | taking damage. [a shining eye]
 90296 | Slime:2  | Lost mutation: Your magical capacity is low. (-10% MP)
                  | [potion of mutation]
 90296 | Slime:2  | Lost mutation: Your body sometimes deteriorates upon taking
                  | damage. [potion of mutation]
 90296 | Slime:2  | Lost mutation: Your flesh is heat resistant. (rF+) [potion
                  | of mutation]
 90296 | Slime:2  | Gained mutation: You have large cloven feet. [potion of
                  | mutation]
 90296 | Slime:2  | Gained mutation: Your system is resistant to poisons.
                  | (rPois) [potion of mutation]
 90296 | Slime:2  | Gained mutation: You are robust. (+10% HP) [potion of
                  | mutation]
 90297 | Slime:2  | Lost mutation: You have hidden genetic defects. [potion of
                  | mutation]
 90297 | Slime:2  | Lost mutation: You are robust. (+10% HP) [potion of
                  | mutation]
 90297 | Slime:2  | Lost mutation: Your system is resistant to poisons. (rPois)
                  | [potion of mutation]
 90297 | Slime:2  | Gained mutation: You are occasionally teleported next to
                  | monsters. [potion of mutation]
 90297 | Slime:2  | Gained mutation: You have a pair of large horns on your
                  | head. [potion of mutation]
 90298 | Slime:2  | Lost mutation: You have large cloven feet. [potion of
                  | mutation]
 90298 | Slime:2  | Lost mutation: You are occasionally teleported next to
                  | monsters. [potion of mutation]
 90298 | Slime:2  | Lost mutation: You have a pair of large horns on your head.
                  | [potion of mutation]
 90298 | Slime:2  | Gained mutation: Your spells are a little harder to cast,
                  | but a little more powerful. [potion of mutation]
 90298 | Slime:2  | Gained mutation: You have sharp toenails. [potion of
                  | mutation]
 90298 | Slime:2  | Gained mutation: You passively map a small area around you.
                  | [potion of mutation]
 90470 | Slime:2  | Gained mutation: Armour fits poorly on your strangely
                  | shaped body. [a shining eye]
 90989 | Slime:1  | Found a viscous altar of Jiyva.
 91585 | Slime:4  | Gained mutation: Your health recovers twice as slowly from
                  | being drained. [a shining eye]
 91946 | Slime:3  | Gained mutation: You do not regenerate when monsters are
                  | visible. [a shining eye]
 91955 | Slime:3  | Gained mutation: Your magical capacity is low. (-10% MP) [a
                  | shining eye]
 91956 | Slime:3  | Gained mutation: You occasionally lose the ability to read
                  | scrolls when taking damage. [a shining eye]
 91957 | Slime:3  | Gained mutation: You are weak. (Str -2) [a shining eye]
 91976 | Slime:3  | Gained mutation: You occasionally shout uncontrollably at
                  | your foes. [a shining eye]
 92044 | Slime:3  | Gained mutation: You are vulnerable to cold. (rC-) [a
                  | shining eye]
 92522 | Slime:5  | Entered Level 5 of the Pits of Slime
 93107 | Vaults:5 | Bought a potion of mutation for 144 gold pieces
 93107 | Vaults:5 | Lost mutation: You have sharp toenails. [potion of
                  | mutation]
 93107 | Vaults:5 | Lost mutation: You do not regenerate when monsters are
                  | visible. [potion of mutation]
 93107 | Vaults:5 | Lost mutation: Armour fits poorly on your strangely shaped
                  | body. [potion of mutation]
 93107 | Vaults:5 | Gained mutation: You are partially covered in iridescent
                  | scales. (AC +2) [potion of mutation]
 93107 | Vaults:5 | Gained mutation: You are somewhat resistant to further
                  | mutation. [potion of mutation]
 93108 | Vaults:5 | Lost mutation: You occasionally shout uncontrollably at
                  | your foes. [potion of mutation]
 93108 | Vaults:5 | Lost mutation: You occasionally lose the ability to read
                  | scrolls when taking damage. [potion of mutation]
 93562 | Slime:5  | Found a viscous altar of Jiyva.
 93563 | Slime:5  | Found the ring of the Octopus King
 93930 | Slime:5  | Noticed the Royal Jelly
 93954 | Slime:5  | Killed the Royal Jelly
 93994 | Slime:5  | Identified the +4 kite shield of the Kettle-Drum {MP+9}
 94006 | Slime:5  | Identified the ring "Plog" {+Blink rPois Will+ EV+5 Slay+2}
 94027 | Slime:5  | Got a slimy rune of Zot
 94049 | Slime:5  | Got Spellcasting, Part Seven
 94109 | Slime:5  | Identified the staff of Lugonu's Esteem {rF+ Summ Fire}
 94111 | Slime:5  | Identified a ring of the Octopus King {HP+2 AC+2 EV+2 SH+2
                  | SInv}
 94433 | Slime:5  | Bought a potion of resistance for 140 gold pieces
 94730 | Zot:1    | Entered Level 1 of the Realm of Zot
 94763 | Zot:1    | Identified the +6 battleaxe of Past Mistakes {venom, rPois
                  | rN+ rCorr Dex+3 Stlth-}
 96795 | Zot:2    | Noticed an orb of fire
 96796 | Zot:2    | Found the +8 longbow "Zephyr" {speed, Dex+3 SInv}
 96799 | Zot:2    | Noticed an orb of fire
 97062 | Depths:4 | Voluntarily entered the Abyss.
 97256 | Abyss:4  | Gained mutation: You occasionally lose the ability to read
                  | scrolls when taking damage. [a neqoxec]
 97342 | Depths:4 | Escaped the Abyss
 97373 | Depths:4 | Bought the +0 pair of boots "Witacsy" {^Drain rF+ rN+
                  | Regen+} for 222 gold pieces
 97804 | Tomb:1   | Entered Level 1 of the Tomb of the Ancients
 97860 | Tomb:1   | Noticed Boris
 97872 | Tomb:1   | Killed Boris
 98044 | Tomb:1   | Identified the +1 robe of the Playwright {rElec rF+ Will-}
 98212 | Tomb:1   | Noticed a royal mummy
 98236 | Tomb:1   | Noticed a royal mummy
 99169 | Tomb:1   | Identified the staff of Fortitude {*Corrode rElec Dex-3
                  | Tloc Fire Air}
 99261 | Tomb:1   | Killed a royal mummy
 99562 | Tomb:1   | Noticed a royal mummy
100271 | Zot:2    | Found a shimmering blue altar of Sif Muna.
100481 | Zot:2    | Gained mutation: You sometimes lose your temper in combat.
                  | [an orb of fire]
100490 | Zot:2    | Killed an orb of fire
100581 | Zot:2    | Reached skill level 15 in Shields
100615 | Zot:2    | Killed an orb of fire
100621 | Zot:2    | Found a candlelit altar of Ignis.
100667 | Zot:2    | Identified the +3 rapier of Ruination {flame, rC+ MP+9}
100675 | Zot:2    | Identified the +10 orcbow of the Sheltering Seeker {speed,
                  | rElec rF- Int+2}
101258 | Zot:3    | Identified the +2 hand cannon of Wyrd {freeze, Will+ Int+4}
101258 | Zot:3    | Found the +4 dragonskin cloak
101258 | Zot:3    | Noticed Tiamat
101282 | Zot:3    | Killed Tiamat
101482 | Zot:3    | Identified the staff "Doluxez" {rPois rF- rC+ Int+8 Ice}
101935 | Zot:3    | Noticed an orb of fire
101950 | Zot:3    | Killed an orb of fire
103197 | Zot:4    | Noticed an orb of fire
103432 | Zot:4    | Reached skill level 27 in Dodging
104340 | Zot:5    | Entered Level 5 of the Realm of Zot
105420 | Depths:4 | Voluntarily entered the Abyss.
105966 | Abyss:4  | Noticed an ancient lich
105984 | Depths:4 | Escaped the Abyss
106824 | Depths:4 | Voluntarily entered the Abyss.
106830 | Abyss:4  | Found a corrupted altar of Lugonu.
106874 | Abyss:4  | Found a corrupted altar of Lugonu.
106893 | Abyss:4  | Found a corrupted altar of Lugonu.
106996 | Abyss:4  | Found a corrupted altar of Lugonu.
107019 | Depths:4 | Escaped the Abyss
107305 | Zot:5    | Noticed a dread lich
107306 | Zot:5    | Noticed an ancient lich
107317 | Zot:5    | Killed a dread lich
107319 | Zot:5    | Killed an ancient lich
107334 | Zot:5    | Noticed an orb of fire
107354 | Zot:5    | Noticed an orb of fire
107385 | Zot:5    | Noticed an orb of fire
107447 | Zot:5    | Noticed an orb of fire
107453 | Zot:5    | Noticed an orb of fire
107455 | Zot:5    | Noticed a dread lich
107457 | Zot:5    | Gained mutation: Your body sometimes deteriorates upon
                  | taking damage. [an orb of fire]
107472 | Zot:5    | Killed an orb of fire
107487 | Zot:5    | Killed a dread lich
107536 | Zot:5    | Killed an orb of fire
107673 | Zot:5    | Got the Orb of Zot
108023 | Depths:3 | Noticed Towot the pandemonium lord
108364 | D:$      | Escaped with the Orb!

Illustrated notes

Levels and vault maps discovered:
D:1:      onia_arrival_handbag, layout_basic, minmay_tromino_v7
D:2:      layout_basic, ebering_ecumenical_altar_mist
D:3:      layout_loops_corners, elyvilon_altar_5, minivault_27
D:4:      layout_loops_corners
D:5:      layout_loops_ring, wad_floor_pattern_untrapped, dk_noncrumbling_2,
          guppyfry_shop_venom, uniq_ijyb
D:6:      layout_loops_ring, minmay_temple_entry_slanted, minmay_misc_feat_rows,
          uniq_duvessa, uniq_sigmund, uniq_eustachio
D:7:      layout_loops_corners, nicolae_hexahallways
D:8:      layout_gridville, minmay_ruffians, uniq_maggie, uniq_pikel
D:9:      minmay_separated_statues, layout_loops_ring, erik_orc_2,
          nicolae_phantomly_mirrored, uniq_harold, uniq_prince_ribbit1
D:10:     layout_cave_pods, nicolae_qazlal_general_emergency,
          nicolae_underground_beach
D:11:     layout_stronghold, minmay_lair_entry_grove
D:12:     gammafunk_worm_tunnel, layout_loops_cross, serial_bayou_lake_a
D:13:     layout_basic, grunt_vaults_entry_fortified, uniq_jorgrun
D:14:     layout_basic, enter_trove_0, minmay_door_square, uniq_agnes,
          uniq_rupert
D:15:     grunt_enter_depths_giant_problem, layout_cave_pools,
          minmay_stone_trees_small, uniq_josephine
Temple:   mainiacjoe_temple_cubbyholes
Lair:1:   layout_concentric_octagons, serial_forest,
          infiniplex_forest_straight_4, infiniplex_forest_3_way,
          infiniplex_forest_clump_tiny, infiniplex_forest_end_3, minivault_25
Lair:2:   layout_long_grid, uniq_gastronok
Lair:3:   layout_chaotic_city, skrybe_swamp_entry_bodies,
          minmay_snake_entry_six_corridors, gammafunk_ghost_berserking_beasts,
          portal_ice_cave_entry_animals_and_master, infiniplex_staircase_pool
Lair:4:   layout_cave_pods
Lair:5:   cheibrodos_lair_end_hotspot, layout_regular_city,
          minmay_slime_entry_oklob_open
Swamp:1:  layout_basic_swamp, evilmike_swamp_ruin_house_1, swamp_pool_3
Swamp:2:  layout_basic_swamp, evilmike_swamp_ruin_house_3
Swamp:3:  nicolae_swamp_wrong_neighborhood, layout_falls_marsh,
          evilmike_swamp_ruin_house_2, swamp_pool_3
Swamp:4:  grunt_swamp_rune_castle, layout_basic_swamp, lightli_tree_ring
Snake:1:  layout_rooms, ebering_ghost_inner_flame, serial_bayou_shore_b,
          grunt_megastairs_2
Snake:2:  cheibrodos_toxic_ritual, layout_chambers, serial_shops,
          nicolae_shop_tiny_waterfront, grunt_megastairs_5, uniq_donald,
          uniq_mlioglotl, uniq_vashnia
Snake:3:  hangedman_cross_veins, layout_gridlike
Snake:4:  johnstein_snake_rune_scales, layout_grid_maze, serial_shops, shop,
          nicolae_shop_overcharged_wands, minmay_shop_grove
Slime:1:  layout_caves, basic_altar, nicolae_slime_getting_an_eyeful
Slime:2:  layout_caves
Slime:3:  layout_caves
Slime:4:  layout_caves
Slime:5:  slime_pit
Orc:1:    layout_caves, uniq_nergalle
Orc:2:    grunt_orc_community_town_hall, layout_caves,
          grunt_orc_community_big_house_2, grunt_orc_community_big_house_2,
          grunt_orc_community_house_1, grunt_orc_community_house_2,
          grunt_orc_community_house_3, grunt_orc_community_house_2,
          grunt_orc_community_house_2, serial_shops, shop_fountains,
          basic_altar, nicolae_specific_store,
          einodemon_armed_red_devil_minivault
Elf:1:    eino_elf_arrival_sip, layout_loops_corners,
          portal_desolation_entry_twin_temple, minmay_elf_necromancy,
          minmay_checkered_concentric_circles
Elf:2:    nicolae_elf_blades_splatter_lattice [nicolae_blade_entry_antechamber],
          layout_geoelf_grid, serial_shops, nicolae_shop_rolled_up
Elf:3:    minmay_elf_hall_dome, layout_gridlike
Vaults:1: vaults_room_grunt_arrival_ludios,
          nicolae_vaults_shipping_containers_6, vaults_dpeg_ring, v_misc_3,
          v_misc_12, hangedman_vaults_snaps, nicolae_vaults_sesquioval_fish,
          nicolae_vaults_offset_grid_hallway_2, vaults_room_door_ring,
          grunt_vaults_diagonal, ontoclasm_vaults_chip, vaults_room_fancy_cross,
          nicolae_vaults_shelves_hall, nicolae_vaults_tangram_1, v_misc_19,
          layout_vaults_omnibox, serial_shops, bzr_entry_dummy
Vaults:2: infiniplex_enter_wizlab_water, nicolae_vaults_variable_pillar_hall,
          hangedman_vaults_stitches, nicolae_vaults_shipping_containers_1,
          vaults_standard_mumra_enter_the_diamond,
          nicolae_vaults_storage_closets_2, nicolae_vaults_shrinking_rooms_2,
          v_misc_29, v_pattern_2, nicolae_vaults_lightning_bolt, v_misc_22,
          nicolae_vaults_trapezoid_lopsided_1, layout_vaults_maze_bifur,
          uniq_margery, uniq_xtahua
Vaults:3: nicolae_vaults_three_branches, nicolae_vaults_prndl,
          minmay_crypt_entry_simple_statues, nicolae_vaults_rhombus_6,
          v_misc_25, gargoyle_guard, v_misc_15, nicolae_vaults_angled_halls,
          nicolae_vaults_octothorpe, nicolae_vaults_tetromino_Z_1,
          grunt_vaults_hallway_short, hangedman_vaults_locks,
          layout_vaults_omnicross
Vaults:4: ebering_ghost_reflecting_pool, vaults_mumra_minichess_inversion,
          v_misc_10, hangedman_vaults_corner, ontoclasm_vaults_eye,
          nicolae_vaults_closet_pinwheel_1, v_misc_12,
          nicolae_vaults_double_plus_1, layout_vaults_omnigrid, serial_shops,
          nicolae_shop_gibbet_a_chance, uniq_sojobo
Vaults:5: serial_shops
Crypt:1:  layout_chaotic_city, minivault_23, grunt_crypt_arrival_split,
          grunt_megastairs_3
Crypt:2:  layout_gridlike, roderic_lattice_octagonal_star, lemuel_elevator
Crypt:3:  evilmike_haunted_forest
Tomb:1:   uniq_boris
Depths:1: layout_honeycomb, hell_entry, kennysheep_cluttered_room,
          okawaru_ov_weapons_minmay
Depths:2: grunt_bent_corner, layout_cross, grunt_hell_horde,
          rand_demon_pan_entry_8, corexii_leaking_fountain, serial_shops,
          nicolae_shop_mannequins, lightli_corner_chamber, uniq_saint_roka
Depths:3: lemuel_minitomb, layout_cave_shapes, serial_bayou_shore_b,
          pf_hell_entry_tar_river, abyss_entry, kennysheep_small_circle,
          uniq_josephina
Depths:4: grunt_profane_halls [grunt_zot_portal, grunt_profane_temple_tar,
          grunt_profane_temple_dis, grunt_profane_temple_coc,
          grunt_profane_temple_geh], serial_shops, hell_entry, abyss_entry
Hell
Zot:1:    kennysheep_ambush_hall, layout_basic
Zot:2:    regret_index_infernal_bastille, layout_twisted_circle,
          regret_index_zotdec_magical_s, regret_index_zot_stipple_split
Zot:3:    layout_cathedral_of_symmetry, st_grand_hoard_of_tiamat
Zot:4:    lemuel_halls_of_wrath, layout_gridlike
Zot:5:    layout_cellular_growth

Skill      XL: |  1  2  3  4  5  6  7  8  9 10 11 12 13 14 15 16 17 18 19 20 21 22 23 24 25 26 27 |
---------------+----------------------------------------------------------------------------------+-----
Fighting       | 4 5 6 7 9 11 13 15 16 18 19 21 22 23 24 25 26 27 | 27.0
Axes           | 3 4 5 6 7 9 11 13 14 16 18 19 20 22 23 24 25 26 27 | 27.0
Armour         | 4 5 6 7 8 9 11 12 13 14 15 16 17 18 19 20 21 22 23 24 26 27 | 27.0
Evocations     | 3 5 7 8 9 10 11 12 13 14 15 17 19 24 | 24.8
Dodging        | 4 6 8 10 11 13 15 16 19 21 27 | 27.0
Shields        | 5 9 12 20 | 20.6

Action                     |  1- 3 |  4- 6 |  7- 9 | 10-12 | 13-15 | 16-18 | 19-21 | 22-24 | 25-27 || total
---------------------------+-------+-------+-------+-------+-------+-------+-------+-------+-------++-------
  Melee: War axe           |    92 |    77 |   275 |   244 |       |       |       |       |       ||   688
         Headbutt          |    11 |    13 |    44 |   149 |   337 |   277 |   420 |   284 |   961 ||  2496
         Battleaxe         |       |       |       |   330 |  1181 |   420 |       |       |   480 ||  2411
         Hand axe          |       |       |       |       |    91 |     4 |   416 |    52 |       ||   563
         Punch             |       |       |       |       |     1 |       |       |       |       ||     1
         Broad axe         |       |       |       |       |       |   816 |  1115 |   906 |  2550 ||  5387
  Throw: Dart              |       |       |       |    13 |     9 |    12 |       |       |       ||    34
 Invoke: Call Merchant     |       |       |       |     2 |     2 |     2 |     1 |     2 |     5 ||    14
         Potion Petition   |       |       |       |       |     3 |     1 |     2 |     1 |       ||     7
         Bribe Branch      |       |       |       |       |       |       |       |       |     2 ||     2
  Evoke: Wand              |       |       |     2 |     3 |     4 |       |       |       |     1 ||    10
         Phantom mirror    |       |       |       |     1 |     4 |     2 |     3 |     3 |     9 ||    22
         Phial of floods   |       |       |       |     1 |     2 |     1 |     3 |     1 |     3 ||    11
         Lightning rod     |       |       |       |       |       |       |     8 |     4 |    14 ||    26
         Tin of tremorston |       |       |       |       |       |       |     2 |     2 |       ||     4
         Box of beasts     |       |       |       |       |       |       |       |       |     5 ||     5
         Horn of Geryon    |       |       |       |       |       |       |       |       |     5 ||     5
    Use: Potion            |       |     1 |     1 |     2 |     7 |     7 |     6 |     8 |    27 ||    59
         Scroll            |       |       |     5 |     5 |    24 |    16 |    12 |     1 |    15 ||    78
   Stab: Distracted        |       |       |     1 |     1 |     7 |    11 |    16 |    13 |    44 ||    93
         Invisible         |       |       |       |       |       |       |       |     2 |       ||     2
 Armour: Scale mail        |    21 |       |       |       |       |       |       |       |       ||    21
         Chain mail        |    28 |    32 |   139 |   379 |       |       |       |       |       ||   578
         Plate armour      |     4 |    10 |       |    82 |  1229 |   130 |       |       |       ||  1455
         Storm dragon scal |       |       |       |       |       |   813 |  1420 |   605 |  2110 ||  4948
  Dodge: Dodged            |    40 |    15 |    71 |   187 |   326 |   306 |   562 |   346 |  2060 ||  3913
  Block: Buckler           |    23 |    33 |   116 |    98 |     4 |       |       |       |       ||   274
         Reflection        |       |     1 |     4 |    10 |    26 |    56 |    52 |    45 |    23 ||   217
         Other             |       |       |       |    67 |   239 |    78 |       |       |    35 ||   419
         Kite shield       |       |       |       |       |       |   303 |   668 |   436 |  1730 ||  3137
